 Dungeon Crawl Stone Soup version 0.30-a0-986-g7f2e898f52 (webtiles) character file.

Game seed: 12424448058082896867

261226 mandarbmax the Lord of Darkness (level 19, -2/162 (175) HPs)
             Began as a Naga Venom Mage on Apr 1, 2023.
             Was the Champion of Kikubaaqudgha.
             Killed by a resonance strike
             ... invoked by a ragged hierophant
              (6 damage)
             ... in the Desolation of Salt on Apr 2, 2023.
             The game lasted 03:09:37 (53813 turns).

mandarbmax the Lord of Darkness (Naga Venom Mage)  Turns: 53813, Time: 03:09:40

HP:   -2/162 (175)  AC: 46    Str: 22    XL:     19   Next: 95%
MP:   0/35          EV:  7    Int: 34    God:    Kikubaaqudgha [******]
Gold: 1648          SH: 19    Dex:  8    Spells: 6/42 levels left

rFire   . . .      SeeInvis +    P - +8 trident of Riucses {venom, +Blink rElec rC+++ Dex-4}
rCold   + + +      Faith    .    L - +3 tower shield of the Everdark {+Blink Str+2 Int+5}
rNeg    . . .      Spirit   +    X - +9 plate armour of Muly {Regen+ Int+3}
rPois   +          Reflect  .    W - +2 helmet of Intuition {rPois rC- rCorr Stlth-}
rElec   +          Rampage  .    p - +2 cloak
rCorr   +                        A - +2 pair of gloves
Will    ++...                    H - +4 barding {rC+} Stlth
                                 V - amulet of Limmaa Porch {Spirit rPois Str+4 Int+2}
HPRegen 1.27/turn                y - ring of Gufroaxt {EV+5 Str+2}
MPRegen 0.24/turn                T - +6 ring of intelligence

@: very slightly contaminated, slowed, studying Fire Magic, drained, very slow
A: AC +6, large, see invisible, deformed body, poison resistance, slowness 2,
spit poison 1, naga tail 2, dopey 1, noise suppression
}: 2/15 runes: decaying, serpentine
a: Spit Poison, Renounce Religion, Evoke Blink, Unearth Wretches, Torment, Brand
Weapon With Pain, Receive Forbidden Knowledge


You were in the Desolation of Salt.
You worshipped Kikubaaqudgha.
Kikubaaqudgha was exalted by your worship.
You visited 7 branches of the dungeon, and saw 33 of its levels.
You visited 1 bazaar.
You also visited: Sewer, Gauntlet and Desolation.

You collected 4314 gold pieces.
You spent 2666 gold pieces at shops.

Inventory:

Hand Weapons
 P - the +8 trident of Riucses (weapon) {venom, +Blink rElec rC+++ Dex-4}
   (You found it on level 5 of the Dungeon)

   Dex:       It affects your dexterity (-4).
   rC:        It renders you almost immune to cold.
   rElec:     It insulates you from electricity.
   +Blink:    It lets you blink.
Missiles
 M - a throwing net
Armour
 p - a +2 cloak (worn)
 A - a +2 pair of gloves (worn)
 H - a +4 barding of cold resistance (worn)
 L - the +3 tower shield of the Everdark (worn) {+Blink Str+2 Int+5}
   (You acquired it on level 3 of the Swamp)

   Str:       It affects your strength (+2).
   Int:       It affects your intelligence (+5).
   +Blink:    It lets you blink.
 W - the +2 helmet of Intuition (worn) {rPois rC- rCorr Stlth-}
   (You bought it in a shop on level 2 of the Orcish Mines)

   rC:        It makes you vulnerable to cold.
   rPois:     It protects you from poison.
   rCorr:     It protects you from acid and corrosion.
   Stlth:     It makes you less stealthy.
 X - the +9 plate armour of Muly (worn) {Regen+ Int+3}
   (You bought it in a shop on level 2 of the Orcish Mines)

   Int:       It affects your intelligence (+3).
   Regen:     It increases your rate of health regeneration.
Jewellery
 l - a ring of protection from fire
 y - the ring of Gufroaxt (left hand) {EV+5 Str+2}
   (You found it in a Gauntlet)

   [ring of evasion]

   EV:        It affects your evasion (+5).
   Str:       It affects your strength (+2).
 D - the ring of the Lily {rPois Will+}
   (You found it in a Gauntlet)

   [ring of willpower]

   rPois:     It protects you from poison.
   Will:      It increases your willpower.
 T - a +6 ring of intelligence (right hand)
 V - the amulet of Limmaa Porch (around neck) {Spirit rPois Str+4 Int+2}
   (You took it off a gnoll on level 10 of the Dungeon)

   [amulet of guardian spirit]

   It causes incoming damage to be divided between your reserves of health and
   magic.
   Str:       It affects your strength (+4).
   Int:       It affects your intelligence (+2).
   rPois:     It protects you from poison.
 Z - a ring of resist corrosion
Wands
 u - a wand of roots (29)
 E - a wand of digging (5)
 F - a wand of flame (5)
 J - a wand of polymorph (21)
 N - a wand of charming (19)
 Q - a wand of mindburst (22)
 Y - a wand of quicksilver (22)
Scrolls
 c - 8 scrolls of vulnerability
 e - 5 scrolls of enchant weapon
 g - a scroll of magic mapping
 h - 7 scrolls of fear
 j - 9 scrolls of poison
 k - 6 scrolls of fog
 m - 2 scrolls of blinking
 q - 3 scrolls of enchant armour
 w - 5 scrolls of immolation
 I - 4 scrolls of torment
 O - 2 scrolls of butterflies
 R - 6 scrolls of teleportation
 S - a scroll of brand weapon
Potions
 a - a potion of cancellation
 b - 5 potions of magic
 d - 14 potions of curing
 i - 4 potions of invisibility
 n - 8 potions of attraction
 o - 5 potions of heal wounds
 r - 3 potions of flight
 s - 4 potions of brilliance
 v - a potion of might
 z - 5 potions of resistance
 B - 8 potions of ambrosia
 C - 9 potions of lignification
 G - 3 potions of mutation
 K - 3 potions of haste
Miscellaneous
 f - a phantom mirror
 t - a phial of floods
 x - a box of beasts
 U - a condenser vane


   Skills:
 - Level 12.0 Fighting
 - Level 8.0 Polearms
 + Level 11.7 Armour
 - Level 5.0 Dodging
 - Level 3.0 Stealth
 - Level 13.0 Shields
 - Level 12.0 Spellcasting
 - Level 4.0 Conjurations
 - Level 16.0 Necromancy
 - Level 4.0 Transmutations
 - Level 8.0 Fire Magic
 - Level 9.0 Ice Magic
 - Level 4.0 Air Magic
 - Level 10.0 Poison Magic
 - Level 10.0 Evocations


You had 6 spell levels left.
You knew the following spells:

 Your Spells              Type           Power      Damage    Failure   Level
a - Agony                 Necr           92%        N/A       3%          5
b - Poisonous Vapours     Pois/Air       100%       N/A       7%          2
c - Mephitic Cloud        Conj/Pois/Air  57%        N/A       21%         3
d - Olgreb's Toxic Radia  Pois           73%        N/A       13%         4
e - Cigotuvi's Dreadful   Necr/Pois/Air  100%       N/A       1%          2
f - Necrotise             Necr           100%       1d9       1%          1
g - Dispel Undead         Necr           92%        3d29      1%          4
h - Death Channel         Necr           46%        N/A       17%         6
i - Simulacrum            Ice/Necr       40%        N/A       58%         6
j - Ignite Poison         Fire/Tmut/Pois 63%        N/A       12%         3

Your spell library contained the following spells:

 Spells                   Type           Power      Damage    Failure   Level
 Kiss of Death            Conj/Necr      100%       2d13      1%          1
 Sublimation of Blood     Necr           92%        N/A       1%          2
 Sting                    Tmut/Pois      100%       1d8       4%          1
 Hailstorm                Conj/Ice       59%        3d13      17%         3
 Ensorcelled Hibernation  Hex/Ice        100%       N/A       19%         2
 Static Discharge         Conj/Air       94%        2-6/arc   24%         2
 Inner Flame              Hex/Fire       47%        N/A       43%         3
 Kindle Blastsparks       Fire/Tloc/Air  94%        2d17      43%         3
 Swiftness                Air            47%        N/A       43%         3
 Passwall                 Tmut/Erth      28%        N/A       47%         2
 Ice Form                 Ice/Tmut       59%        N/A       50%         4
 Sticky Flame             Conj/Fire      57%        2d7       56%         4
 Apportation              Tloc           40%        N/A       63%         1
 Vhi's Electric Charge    Tloc/Air       68%        N/A       71%         3
 Plasma Beam              Fire/Air       28%        2x1d30    88%         5
 Teleport Other           Tloc           20%        N/A       94%         3
 Fulminant Prism          Conj/Hex       17%        3d11      98%         4
 Iskenderun's Mystic Bla  Conj/Tloc      34%        2d8       98%         4
 Summon Lightning Spire   Summ/Air       34%        N/A       98%         4
 Arcjolt                  Conj/Air       23%        1d33      99%         5
 Blade Hands              Tmut           23%        N/A       99%         5
 Animate Armour           Summ/Erth      40%        N/A       100%        4
 Cause Fear               Hex            10%        N/A       100%        4
 Leda's Liquefaction      Hex/Erth       10%        N/A       100%        4
 Passage of Golubria      Tloc           20%        N/A       100%        4
 Lee's Rapid Deconstruct  Erth           10%        3d8*      100%        5
 Silence                  Hex/Air        17%        N/A       100%        5
 Summon Forest            Summ/Tloc      10%        N/A       100%        5
 Conjure Ball Lightning   Conj/Air       23%        3x3d6     100%        6
 Eringya's Noxious Bog    Tmut/Pois      30%        N/A       100%        6
 Iron Shot                Conj/Erth      17%        9d4       100%        6
 Statue Form              Tmut/Erth      22%        N/A       100%        6
 Dragon Form              Tmut           23%        N/A       100%        7
 Storm Form               Tmut/Air       23%        N/A       100%        7
 Summon Hydra             Summ           10%        N/A       100%        7
 Borgnjor's Revivificati  Necr           46%        N/A       100%        8
 Discord                  Hex            10%        N/A       100%        8
 Disjunction              Tloc           10%        N/A       100%        8
 Ignition                 Fire           32%        3d10      100%        8
 Lehudib's Crystal Spear  Conj/Erth      17%        10d5      100%        8
 Maxwell's Capacitive Co  Air            23%        ∞         100%        8
 Necromutation            Tmut/Necr      36%        N/A       100%        8
 Death's Door             Necr           46%        N/A       100%        9
 Dragon's Call            Summ           10%        N/A       100%        9
 Polar Vortex             Ice            34%        N/A       100%        9


Dungeon Overview and Level Annotations

Branches:
Dungeon (15/15)            Temple (0/1) D:5            Lair (5/5) D:9
  Swamp (4/4) Lair:2        Snake (4/4) Lair:2        Slime (0/5) Lair:5
    Orc (2/2) D:9             Elf (2/3) Orc:2        Vaults (1/5) D:14
 Depths (0/4) D:15          Sewer (visited)         Desolation (1/1)
Gauntlet (visited)

Altars:
Elyvilon
Hepliaklqana
Kikubaaqudgha
Makhleb
Nemelex Xobeh
Okawaru
Qazlal
Ru
Trog
Uskayaw
Vehumet
Wu Jian
Xom
Zin
The Shining One

Shops:
D:3 !   D:11 =   Orc:2 (*[=


Innate Abilities, Weirdness & Mutations

Your serpentine skin is tough. (AC +6)
You have supernaturally acute eyesight. (SInv)
Armour fits poorly on your strangely shaped body.
Your system is resistant to poisons. (rPois)
You cover ground very slowly.
You can spit poison.
You can use your snake-like lower body to constrict enemies.
You are dopey. (Int -2)
You passively dampen the noise of your surroundings.


Message History

The saltling completely resists.
The servant of whispers hits you but does no damage.
The ragged hierophant casts a spell at you.
A blast of power from the earth and the adjacent constructs strikes you!
The +6 mace of protection hits you but does no damage.
The molten gargoyle barely misses you.
The guardian serpent hits you but does no damage.
The saltling barely misses you.
You block the +0 battleaxe of flaming's attack.
The servant of whispers hits you from afar with a +0 spear.
* * * LOW HITPOINT WARNING * * *
The imperial myrmidon hits you but does no damage.
The ragged hierophant points at you and mumbles some strange words.
A blast of power from the earth and the adjacent constructs strikes you!
* * * LOW HITPOINT WARNING * * *
The halazid warlock touches you but does no damage.
The +6 mace of protection barely misses you.
You block the ragged hierophant's attack.
The ragged hierophant points at you and mumbles some strange words.
A blast of power from the earth and the adjacent constructs strikes you!
The molten gargoyle hits you but does no damage.
Blink to where?
Press: ? - help, Dir - move target A servant of whispers comes into view.
It is wielding a +0 spear.
As you read the scroll of blinking, it crumbles to dust.
Your surroundings suddenly seem different.
A peacekeeper, 2 ragged hierophants and 5 saltlings come into view.
A ragged hierophant is wielding a +3 long sword of electrocution.
You feel sick.
You are no longer poisoned.
The ragged hierophant shouts!
The peacekeeper roars!
The ragged hierophant shouts!
A saltling comes into view. x2
The ragged hierophant casts a spell at you.
A blast of power from the earth strikes you!
* * * LOW HITPOINT WARNING * * *
The ragged hierophant casts a spell at you.
A blast of power from the earth strikes you!
You die...
Kikubaaqudgha rasps: "You have failed me!
Welcome... death!"

,,,,*,,,,,,,,,,,,,,,,,,,,,,,,,,,
,,,,*,,,,9..............,,,,,,,,
**,,*,,,,.9.............,,,8,,,,
,*,,*,,,,...............,,,,,,,,
,,,,*,,,,...............,,,,,,,,
,,,,*,,,,...............,,,,,,,,
,,,,*,,,,...............,,,,,,,,
,,,,,,,,,...............,,,,,,,,
,,,,,,,,,.......@.......,,,,,,,,
,,8,,,,,,.........#.....,,,,,,,,
,,,,,,,,,9a#........,...,,,,,,,,
,,,,,,,,,.......9.....,.,,,,,,,,
,,,,,,,,,......9........,,,,,,,,
,,,,,,,,,.9......9....9.,,,,,,,,
,,,,,,,,,.............a.,,,,,,,,
,,,,,,,,,...............,,,,,,,,
,,,,,,,,,,,,,,,,,,,,,,,,,,,,,,,,


You could see 2 ragged hierophants, a peacekeeper and 7 saltlings.

Vanquished Creatures
  Jorgrun (D:12)
  A thorn hunter (Swamp:4)
  Donald (Elf:1)
  A tengu reaver (D:13)
  A fenstrider witch (Swamp:4)
  2 nagarajas
  A vault warden (Vaults:1)
  A deep elf elementalist (Elf:1)
  An ironbound preserver (Vaults:1)
  2 orc warlords (Orc:2)
  2 very ugly things
  2 eleionomae
  An ironbound thunderhulk (Vaults:1)
  A minotaur (Lair:1)
  2 bunyips (Swamp:4)
  A shambling mangrove (Swamp:4)
  A ragged hierophant (Desolation)
  Josephine (Lair:5)
  2 servants of whispers (Desolation)
  12 hydras
  4 ghost crabs
  2 peacekeepers (Desolation)
  A rakshasa (D:15)
  5 centaur warriors
  2 catoblepae
  An ironbound frostheart (Vaults:1)
  The ghost of MrSquiggles the Covert, a journeyman OpBr of Wu Jian (D:10)
  3 salamander tyrants (Snake:4)
  Erica (D:8)
  7 anacondas
  5 alligators
  4 two-headed ogres
  14 dancing weapons
  5 naga warriors
  7 death yaks
  A tengu warrior (D:11)
  The ghost of bearlyready the Cleaver, a novice AtBe of Trog (D:10)
  5 boulder beetles
  2 orc high priests
  4 naga sharpshooters
  A spriggan berserker (Swamp:4)
  4 shock serpents
  A thrashing horror (Gauntlet)
  7 deep elf knights
  13 skeletal warriors
  2 deep trolls (Vaults:1)
  6 salamander mystics
  A skyshark (Lair:4)
  3 goliath frogs
  A glowing orange brain (D:15)
  4 spriggan riders
  A spriggan druid (Swamp:4)
  2 bog bodies
  4 swamp dragons (Swamp:4)
  A wizard (D:15)
  2 ironbound convokers
  14 deep elf pyromancers
  2 lindwurms
  3 naga ritualists
  5 deep elf archers
  5 mana vipers
  17 ugly things
  23 deep elf zephyrmancers
  A wolf spider (Lair:2)
  6 orc knights
  A necromancer (Gauntlet)
  4 will-o-the-wisps
  3 cyclopes
  11 salamanders
  3 orc sorcerers
  7 manticores
  A guardian serpent (Snake:4)
  A torpor snail (Lair:3)
  2 gargoyles
  3 naga magi (Snake:4)
  10 cane toads
  20 black mambas
  7 elephants
  An unseen horror (shapeshifter) (D:14)
  Maggie (D:6)
  A cane toad (shapeshifter) (D:13)
  A rime drake (Lair:3)
  3 kobold demonologists
  3 unseen horrors
  9 komodo dragons
  A queen bee (Lair:2)
  6 trolls
  5 polar bears
  2 hornets
  6 tyrant leeches
  Grinder (D:6)
  5 saltlings (Desolation)
  6 blink frogs
  7 dream sheep (Lair:3)
  17 slime creatures
  A jumping spider (Gauntlet)
  4 spriggans
  A centaur simulacrum (D:12)
  2 air elementals
  4 shadows
  7 wraiths
  2 small abominations (Gauntlet)
  A vampire (D:11)
  4 wyverns
  3 basilisks
  23 yaks
  A steam dragon (D:8)
  13 vampire mosquitoes
  2 chaos spawn (Gauntlet)
  6 wargs
  Edmund (D:6)
  2 acid dragons
  11 swamp worms
  21 nagas
  7 water moccasins
  Duvessa (D:6)
  2 swamp drakes (Swamp:4)
  33 orc warriors
  5 black bears
  23 wolves
  10 ogres
  9 centaurs
  A phantom (D:5)
  Blork the orc (Orc:1)
  6 kobold brigands
  2 gnoll sergeants
  5 scorpions
  2 earth elementals
  16 bullfrogs
  17 wights
  Dowan (D:6)
  38 killer bees
  2 electric eels (Lair:4)
  4 howler monkeys
  A lava snake (Snake:4)
  18 orc priests
  4 jellies
  3 gnoll boudas
  3 hounds
  6 iguanas
  29 orc wizards
  A sleepcap (D:6)
  5 hell rats (Lair:4)
  An ogre zombie (D:5)
  11 adders
  27 gnolls
  An orc zombie (D:5)
  A shadow imp (D:7)
  3 ufetubi
  A worm (D:1)
  3 dart slugs
  65 orcs
  4 bats
  12 endoplasms
  9 giant cockroaches
  3 goblins
  6 hobgoblins
  5 jackals
  26 kobolds
  11 quokkas
  12 ball pythons
  12 frilled lizards
  3 rats
  2 rat zombies (D:12)
971 creatures vanquished.

Vanquished Creatures (collateral kills)
  Mara (Snake:4)
  Saint Roka (Snake:3)
  Nikola (Snake:4)
  Mlioglotl (Lair:2)
  A thorn hunter (Swamp:4)
  A nagaraja (Snake:4)
  A bunyip (Swamp:3)
  A dire elephant (Lair:5)
  A minotaur (Gauntlet)
  The ghost of Umaraj the Markskobold, a journeyman KoHu of Hepliaklqana (D:13)
  A servant of whispers (Desolation)
  9 hydras
  An ironbound frostheart (Vaults:1)
  An anaconda (Snake:4)
  3 alligators
  A boulder beetle (D:15)
  5 death yaks
  A deep troll shaman (Lair:5)
  5 naga warriors
  4 naga sharpshooters
  4 spriggans
  2 salamander mystics
  2 goliath frogs
  A deep troll (Vaults:1)
  A spriggan druid (Swamp:1)
  A spriggan rider (Swamp:1)
  2 bog bodies
  6 swamp dragons
  9 naga ritualists
  An orc knight (D:12)
  2 deep elf pyromancers (Elf:1)
  8 mana vipers
  A deep elf zephyrmancer (Elf:1)
  6 ugly things
  2 manticores
  15 salamanders
  4 naga magi
  4 guardian serpents
  4 elephants
  2 vault sentinels (Vaults:1)
  A water nymph (shapeshifter) (D:15)
  17 black mambas
  A cane toad (Lair:4)
  2 yaktaurs (Vaults:1)
  5 komodo dragons
  An efreet (D:9)
  A tengu conjurer (D:11)
  A polar bear (Lair:4)
  A tarantella (shapeshifter) (Elf:1)
  5 hornets
  2 tyrant leeches
  5 blink frogs
  8 saltlings (Desolation)
  4 slime creatures (D:15)
  A centaur simulacrum (D:12)
  An air elemental (Elf:1)
  12 yaks
  2 basilisks
  2 vampire mosquitoes
  A steam dragon (Lair:4)
  A neqoxec (Gauntlet)
  21 nagas
  3 swamp worms
  2 water moccasins (Lair:4)
  A black bear (Lair:4)
  4 orc warriors
  12 swamp drakes
  An ogre (Orc:1)
  3 wolves (Lair:5)
  3 centaurs
  A bullfrog (Lair:3)
  An electric eel (D:15)
  An orc priest (D:12)
  2 hell rats (Lair:4)
  An orc (Snake:3)
  An endoplasm (Sewer)
  A frilled lizard (Sewer)
  A plant (Lair:5)
251 creatures vanquished.

Vanquished Creatures (others)
  A bunyip (Swamp:1)
  A ghost crab (Swamp:3)
  A hydra (Swamp:1)
  A deep elf knight (Elf:1)
  A death drake (Swamp:1)
  A black mamba (Lair:2)
  A torpor snail (Lair:2)
  5 bloated husks
  A swamp worm (Swamp:1)
  A naga (Snake:4)
  A water moccasin (Lair:2)
  A bullfrog (D:9)
  An orc wizard (Snake:3)
  A briar patch (Swamp:4)
  7 bushes (D:9)
  42 foxfires
  17 fungi
  35 plants
  3 starspawn tentacles (Swamp:1)
122 creatures vanquished.

Grand Total: 1344 creatures vanquished

Notes
Turn   | Place    | Note
-------+----------+-------------------------------------------
     0 | D:1      | mandarbmax the Naga Venom Mage began the quest for the Orb.
     0 | D:1      | Reached XP level 1. HP: 15/15 MP: 3/3
   576 | D:1      | Reached XP level 2. HP: 20/22 MP: 0/5
  1181 | D:2      | Reached skill level 5 in Poison Magic
  1181 | D:2      | Reached XP level 3. HP: 28/28 MP: 0/6
  1184 | D:2      | Learned a level 2 spell: Poisonous Vapours
  1188 | D:2      | Learned a level 3 spell: Mephitic Cloud
  2054 | D:3      | Found a faded altar of an unknown god.
  2068 | D:3      | Reached XP level 4. HP: 28/36 MP: 2/7
  2478 | D:3      | Found Tubreir's Distillery.
  2483 | D:3      | Bought a potion of curing for 42 gold pieces
  2483 | D:3      | Bought a potion of brilliance for 56 gold pieces
  2789 | D:4      | Noticed a scorpion
  2795 | D:4      | Killed a scorpion
  2796 | D:4      | Reached XP level 5. HP: 42/42 MP: 2/9
  2827 | D:4      | Learned a level 4 spell: Olgreb's Toxic Radiance
  2880 | D:4      | Noticed an ogre
  2887 | D:4      | Killed an ogre
  2888 | D:4      | Reached XP level 6. HP: 49/49 MP: 3/10
  3116 | D:4      | Found a sacrificial altar of Ru.
  3225 | D:4      | Found a stormy altar of Qazlal.
  3313 | D:4      | Found a sparkling altar of Nemelex Xobeh.
  3391 | D:4      | Reached XP level 7. HP: 55/55 MP: 5/11
  3479 | D:4      | Reached skill level 1 in Fighting
  3624 | D:4      | Found a bloodstained altar of Trog.
  3896 | D:4      | Found an ancient bone altar of Kikubaaqudgha.
  4203 | D:4      | Became a worshipper of Kikubaaqudgha
  4355 | D:5      | Entered Level 5 of the Dungeon
  4597 | D:5      | Identified the +8 trident of Riucses {venom, +Blink rElec
                  | rC+++ Dex-4}
  4919 | D:5      | Found a staircase to the Ecumenical Temple.
  5084 | D:5      | Reached XP level 8. HP: 29/68 MP: 2/14
  5358 | D:5      | Found a transporter.
  5530 | D:6      | Noticed Edmund
  5545 | D:6      | Killed Edmund
  5563 | D:6      | Noticed Grinder
  5573 | D:6      | Killed Grinder
  5620 | D:6      | Noticed Maggie
  5631 | D:6      | Killed Maggie
  5632 | D:6      | Reached skill level 5 in Fighting
  5689 | D:6      | Reached skill level 5 in Dodging
  5723 | D:6      | Noticed a manticore
  5735 | D:6      | Killed a manticore
  5736 | D:6      | Reached XP level 9. HP: 49/85 MP: 3/15
  5763 | D:6      | Reached * piety under Kikubaaqudgha
  5763 | D:6      | Received a gift from Kikubaaqudgha
  5777 | D:6      | Reached skill level 5 in Spellcasting
  5800 | D:6      | Found a glowing drain.
  5812 | Sewer    | Entered a sewer
  6075 | Sewer    | Learned a level 2 spell: Cigotuvi's Dreadful Rot
  6077 | Sewer    | Learned a level 1 spell: Necrotise
  6150 | Sewer    | Reached ** piety under Kikubaaqudgha
  6543 | D:6      | Found a hazy altar of Hepliaklqana.
  6714 | D:6      | Noticed an unseen horror
  7012 | D:6      | Killed an unseen horror
  7013 | D:6      | Reached skill level 2 in Necromancy
  7232 | D:6      | Noticed Duvessa
  7232 | D:6      | Noticed Dowan
  7236 | D:6      | Killed Dowan
  7241 | D:6      | Killed Duvessa
  7242 | D:6      | Reached skill level 3 in Necromancy
  7404 | D:6      | Reached XP level 10. HP: 88/90 MP: 10/19
  7643 | D:7      | You fall into a shaft and drop 3 floors!
  7643 | D:10     | Entered Level 10 of the Dungeon
  7643 | D:10     | Found an ornate altar of the Wu Jian Council.
  7648 | D:10     | Reached skill level 4 in Necromancy
  7908 | D:10     | Reached skill level 1 in Shields
  7908 | D:10     | Reached skill level 5 in Necromancy
  7908 | D:10     | Noticed a cyclops
  7929 | D:10     | Killed a cyclops
  8108 | D:10     | Reached skill level 6 in Necromancy
  8333 | D:10     | Reached skill level 5 in Shields
  8353 | D:10     | Reached *** piety under Kikubaaqudgha
  8353 | D:10     | Received a gift from Kikubaaqudgha
  8823 | D:9      | Found a burning altar of Makhleb.
  8847 | D:9      | Found a staircase to the Orcish Mines.
  9005 | D:9      | Learned a level 4 spell: Dispel Undead
  9027 | D:9      | Reached XP level 11. HP: 103/103 MP: 9/20
  9645 | D:7      | Reached skill level 1 in Armour
  9658 | D:7      | Found an iron altar of Okawaru.
 10437 | D:3      | Bought a potion of haste for 140 gold pieces
 10437 | D:3      | Bought a potion of mutation for 112 gold pieces
 10437 | D:3      | Bought a potion of invisibility for 112 gold pieces
 10714 | D:5      | Found a transporter.
 11430 | D:8      | Reached **** piety under Kikubaaqudgha
 11675 | D:8      | Found a hide-covered altar of Uskayaw.
 12100 | D:8      | Noticed Erica
 12114 | D:8      | Killed Erica
 13294 | D:9      | Found a staircase to the Lair.
 13294 | D:9      | Noticed a two-headed ogre
 13304 | D:9      | Killed a two-headed ogre
 13429 | D:10     | Found a runed translucent gate.
 13429 | D:10     | Found a runed translucent gate.
 13429 | D:10     | Found a runed translucent gate.
 13494 | D:10     | Noticed MrSquiggles's ghost (journeyman OpBr)
 13495 | D:10     | Noticed bearlyready's ghost (novice AtBe)
 13528 | D:10     | Found a glowing golden altar of the Shining One.
 13528 | D:10     | Found a white marble altar of Elyvilon.
 13528 | D:10     | Found a glowing silver altar of Zin.
 13779 | D:10     | Found a shimmering altar of Xom.
 14059 | D:10     | Identified the amulet of Limmaa Porch {Spirit rPois Str+4
                  | Int+2}
 14102 | D:9      | Noticed a seven-headed hydra
 14102 | D:9      | Noticed a deep elf pyromancer
 14399 | Orc:1    | Entered Level 1 of the Orcish Mines
 14519 | Orc:1    | Noticed an orc sorcerer
 14520 | Orc:1    | Noticed an orc knight
 14527 | Orc:1    | Killed an orc sorcerer
 14528 | Orc:1    | Reached skill level 7 in Necromancy
 14534 | Orc:1    | Killed an orc knight
 14949 | Orc:1    | Noticed an orc high priest
 14958 | Orc:1    | Learned a level 6 spell: Death Channel
 14977 | Orc:1    | Killed an orc high priest
 14978 | Orc:1    | Reached XP level 12. HP: 100/110 MP: 1/23
 15335 | Orc:2    | Entered Level 2 of the Orcish Mines
 15387 | Orc:2    | Noticed an orc warlord
 15632 | Orc:2    | Noticed an orc warlord
 15637 | Orc:2    | Reached skill level 10 in Poison Magic
 15639 | Orc:2    | Reached ***** piety under Kikubaaqudgha
 15761 | Orc:2    | Noticed Blork the orc
 15771 | Orc:1    | Killed Blork the orc
 16258 | Orc:2    | Killed an orc warlord
 16259 | Orc:2    | Reached skill level 8 in Necromancy
 16259 | Orc:2    | Reached skill level 1 in Evocations
 16734 | Orc:2    | Killed an orc warlord
 17004 | Orc:2    | Noticed an orc high priest
 17016 | Orc:2    | Killed an orc high priest
 17076 | Orc:2    | Reached skill level 9 in Necromancy
 17211 | Orc:2    | Found Paxzunk's Antique Weapon Shoppe.
 17226 | Orc:2    | Found Noseve's Jewellery Shoppe.
 17228 | Orc:2    | Found a staircase to the Elven Halls.
 17341 | Orc:2    | Found Zubbaxol's General Store.
 17347 | Orc:2    | Bought a +0 barding of cold resistance for 330 gold pieces
 17355 | Orc:2    | Found Boesitor's Antique Armour Shoppe.
 17368 | Orc:2    | Bought a jewelled helmet for 323 gold pieces
 17368 | Orc:2    | Identified the +2 helmet of Intuition {rPois rC- rCorr
                  | Stlth-} (You bought it in a shop on level 2 of the Orcish
                  | Mines)
 17516 | Orc:1    | Noticed a two-headed ogre
 17527 | Orc:1    | Killed a two-headed ogre
 17528 | Orc:1    | Gained mutation: You can use your snake-like lower body to
                  | constrict enemies. [Naga growth]
 17528 | Orc:1    | Reached XP level 13. HP: 68/117 MP: 2/25
 17809 | Orc:2    | Reached skill level 5 in Evocations
 17810 | Orc:2    | Reached skill level 5 in Armour
 17812 | Orc:2    | Reached skill level 10 in Necromancy
 18302 | Lair:1   | Entered Level 1 of the Lair of Beasts
 18771 | Lair:1   | Found a runed translucent door.
 19401 | Lair:1   | Noticed a minotaur
 19424 | Lair:1   | Killed a minotaur
 21133 | Lair:2   | Upgraded the game from 0.30-a0-972-gf3ab3527aa to
                  | 0.30-a0-986-g7f2e898f52
 21363 | Lair:2   | Found a staircase to the Snake Pit.
 21606 | Lair:2   | Found a staircase to the Swamp.
 21676 | Lair:3   | Reached XP level 14. HP: 67/127 MP: 4/26
 21829 | Lair:3   | Learned a level 6 spell: Simulacrum
 21858 | Lair:3   | Reached skill level 11 in Necromancy
 21982 | Lair:3   | Reached skill level 10 in Shields
 21982 | Lair:3   | Reached ****** piety under Kikubaaqudgha
 21983 | Lair:3   | Reached skill level 1 in Ice Magic
 22222 | Lair:3   | Found the +4 skin of Zhor {*Englaciate rC+++ SInv}
 22905 | Lair:4   | Found a gate leading to a gauntlet.
 22932 | Gauntlet | Entered a Gauntlet
 22932 | Gauntlet | Found a transporter.
 22932 | Gauntlet | Found a transporter.
 22947 | Gauntlet | Found a transporter.
 22962 | Gauntlet | Found a transporter.
 22962 | Gauntlet | Found a transporter.
 22981 | Gauntlet | Found a transporter.
 22984 | Gauntlet | Found a transporter.
 22984 | Gauntlet | Found a transporter.
 22987 | Gauntlet | Noticed a balrug
 22998 | Gauntlet | Found a transporter.
 23014 | Gauntlet | Found a transporter.
 23021 | Gauntlet | Found a runed translucent door.
 23025 | Gauntlet | Found a transporter.
 23031 | Gauntlet | Found a transporter.
 23072 | Gauntlet | Found a transporter.
 23083 | Gauntlet | Found a transporter.
 23159 | Gauntlet | Identified the ring of Gufroaxt {EV+5 Str+2}
 23289 | Gauntlet | Identified the ring of the Lily {rPois Will+}
 23404 | Gauntlet | Identified the +0 helmet of Ocvyol {Harm Int+3}
 23406 | Gauntlet | Got the Disquisition on Transposition and Degeneration
 23447 | Gauntlet | Got the Vellum of Icy Contaminants
 23570 | Lair:4   | Reached skill level 10 in Fighting
 24055 | Lair:4   | Identified the +4 swamp dragon scales "Xaudeb" {Harm rPois
                  | SInv}
 24280 | Lair:4   | Reached skill level 12 in Necromancy
 24372 | Lair:4   | Reached skill level 5 in Ice Magic
 24657 | Lair:4   | You fall into a shaft and drop 1 floor!
 24657 | Lair:5   | Entered Level 5 of the Lair of Beasts
 24775 | Lair:5   | Reached skill level 1 in Polearms
 24922 | Lair:5   | Noticed Josephine
 24932 | Lair:5   | Killed Josephine
 25239 | Lair:5   | Reached XP level 15. HP: 138/138 MP: 1/27
 25759 | Lair:5   | Found a staircase to the Slime Pits.
 26237 | Lair:5   | Reached skill level 5 in Polearms
 26392 | Lair:5   | Identified the +1 war axe of Premature Burial {heavy, rPois
                  | MP+9 Dex+5}
 27542 | D:10     | Killed MrSquiggles's ghost
 27544 | D:10     | Killed bearlyready's ghost
 27681 | Orc:2    | Bought the +9 plate armour of Muly {Regen+ Int+3} for 894
                  | gold pieces
 28691 | D:11     | Found Garow's Jewellery Shop.
 29212 | D:12     | Noticed Jorgrun
 29231 | D:12     | Killed Jorgrun
 29535 | D:12     | Found an ancient bone altar of Kikubaaqudgha.
 29906 | D:12     | Reached skill level 13 in Necromancy
 31059 | D:13     | Found a runed translucent door.
 31060 | D:13     | Noticed a tengu reaver
 31061 | D:13     | Noticed Umaraj's ghost (journeyman KoHu)
 31147 | D:13     | Killed a tengu reaver
 31150 | D:13     | Killed Umaraj's ghost
 31537 | D:14     | Reached XP level 16. HP: 144/150 MP: 27/29
 31570 | D:14     | Reached skill level 14 in Necromancy
 32012 | D:14     | Learned a level 5 spell: Agony
 33053 | D:14     | Found a gate to the Vaults.
 33118 | D:15     | Entered Level 15 of the Dungeon
 33166 | D:15     | Identified the +5 flail "Daem" {heavy, +Blink rF- Stlth+}
 35667 | D:15     | Found a staircase to the Depths.
 35675 | D:15     | Reached skill level 10 in Armour
 36123 | Snake:1  | Entered Level 1 of the Snake Pit
 36396 | Snake:1  | Reached skill level 15 in Necromancy
 37183 | Snake:1  | You fall into a shaft and drop 1 floor!
 37671 | Snake:2  | Reached XP level 17. HP: 146/159 MP: 5/30
 38812 | Snake:3  | Noticed Saint Roka
 39704 | Snake:3  | Identified the +1 robe of Subjectivity {Harm rN+ Int+3
                  | Slay-5}
 39935 | Snake:3  | Killed Saint Roka
 41340 | Snake:4  | Entered Level 4 of the Snake Pit
 41718 | Snake:4  | Noticed Mara
 41731 | Snake:4  | Noticed mandarbmax's illusion
 41754 | Snake:4  | Killed Mara
 41755 | Snake:4  | Reached skill level 16 in Necromancy
 41784 | Snake:4  | Noticed Nikola
 41791 | Snake:4  | Killed Nikola
 43088 | Snake:4  | Reached XP level 18. HP: 168/168 MP: 3/31
 43264 | Snake:4  | Reached skill level 10 in Evocations
 44306 | Snake:4  | Got a serpentine rune of Zot
 44336 | Snake:4  | Reached skill level 10 in Spellcasting
 44830 | Swamp:1  | Entered Level 1 of the Swamp
 44981 | Swamp:1  | Identified the +3 ring mail of Eshruqewy {rElec rPois rCorr
                  | Str-2}
 44982 | Swamp:1  | Noticed Mlioglotl
 44985 | Swamp:1  | Noticed a hellephant
 45557 | Lair:2   | Killed Mlioglotl
 45764 | Swamp:1  | HP: 2/168 [will-o-the-wisp/foxfire (27)]
 46710 | Swamp:2  | Found a radiant altar of Vehumet.
 47356 | Swamp:2  | Learned a level 3 spell: Ignite Poison
 47799 | Swamp:3  | Identified a scroll of acquirement
 47813 | Swamp:3  | Acquired the +3 tower shield of the Everdark {+Blink Str+2
                  | Int+5}
 48982 | Swamp:4  | Entered Level 4 of the Swamp
 49414 | Swamp:4  | Reached skill level 1 in Fire Magic
 49820 | Swamp:4  | Gained mutation: You are clumsy. (Dex -2) [mutagenic glow]
 50055 | Swamp:4  | Gained mutation: You sometimes lose your temper in combat.
                  | [mutagenic glow]
 50057 | Swamp:4  | Reached skill level 1 in Conjurations
 50237 | Swamp:4  | Reached XP level 19. HP: 165/175 MP: 19/34
 50565 | Swamp:4  | Reached skill level 5 in Fire Magic
 50568 | Swamp:4  | Lost mutation: You are clumsy. (Dex -2) [mutagenic glow]
 50892 | Swamp:4  | Got a decaying rune of Zot
 51165 | Elf:1    | Entered Level 1 of the Elven Halls
 51383 | Elf:1    | Paralysed by an air elemental for 1 turns
 51389 | Elf:1    | Paralysed by an air elemental for 1 turns
 51541 | Elf:1    | Lost mutation: You sometimes lose your temper in combat.
                  | [potion of mutation]
 51541 | Elf:1    | Gained mutation: You are dopey. (Int -2) [potion of
                  | mutation]
 51541 | Elf:1    | Gained mutation: You passively dampen the noise of your
                  | surroundings. [potion of mutation]
 51993 | Elf:1    | Noticed Donald
 52019 | Elf:1    | Killed Donald
 52246 | Elf:1    | Paralysed by an air elemental for 1 turns
 52248 | Elf:1    | Paralysed by an air elemental for 1 turns
 52251 | Elf:1    | Paralysed by an air elemental for 1 turns
 52254 | Elf:1    | Paralysed by an air elemental for 1 turns
 52362 | Elf:2    | Found a flickering gateway to a bazaar.
 52391 | Bazaar   | Entered a bazaar
 52391 | Bazaar   | Found Beeschadem's Armour Shoppe.
 52391 | Bazaar   | Found Urhain's General Store.
 52391 | Bazaar   | Found Hicya's Book Shop.
 52405 | Bazaar   | Found Jam Waem's Magic Scroll Shop.
 52405 | Bazaar   | Found Ylel's General Store.
 52430 | Bazaar   | Bought a scroll of blinking for 97 gold pieces
 52435 | Bazaar   | Bought a potion of heal wounds for 55 gold pieces
 52447 | Bazaar   | Bought a scroll of enchant armour for 97 gold pieces
 52455 | Bazaar   | Bought a scroll of enchant armour for 120 gold pieces
 52466 | Bazaar   | Bought a book of Iron for 288 gold pieces
 52482 | Elf:2    | Paralysed by an air elemental for 1 turns
 52486 | Elf:2    | Paralysed by an air elemental for 1 turns
 53075 | Elf:2    | Identified the +2 dire flail "Uminy" {antimagic, Dex+5}
 53158 | Elf:2    | Found a runed translucent gate.
 53158 | Elf:2    | Found a runed translucent gate.
 53158 | Elf:2    | Found a runed translucent gate.
 53520 | Vaults:1 | Entered Level 1 of the Vaults
 53691 | Vaults:1 | Found a crumbling gateway.
 53699 | Desolati | Entered the Desolation of Salt
 53813 | Desolati | HP: 4/162 [ragged hierophant/a resonance strike (13)]
 53813 | Desolati | Killed from afar by a ragged hierophant

Illustrated notes

Levels and vault maps discovered:
D:1:      minmay_arrival_plants_in_alcoves, layout_loops_corners,
          minmay_misc_feat_hallway
D:2:      layout_basic
D:3:      layout_loops_ring, serial_shops, shop, ebering_ecumenical_altar_mist,
          minmay_misc_feat_square
D:4:      layout_loops_ring, nicolae_qazlal_scattered_showers,
          nicolae_ru_great_annihilating_truth, mainiacjoe_overflow_alcove_4,
          mainiacjoe_overflow_boulevard, lemuel_doored_altar,
          hangedman_decor_points, minmay_misc_feat_iff, minmay_liquid_box
D:5:      gammafunk_cloud_chamber, layout_loops_cross,
          minmay_temple_entry_from_below_a
D:6:      minmay_opposing_rooms, layout_basic, mainiacjoe_overflow_alcove_2,
          cheibrodos_sewer_entry_drain, st_stairs_8, kennysheep_generic_room_13,
          uniq_edmund, uniq_duvessa, uniq_grinder, uniq_maggie
D:7:      layout_basic, lemuel_coloured_pillars_altar
D:8:      layout_loops_corners, nicolae_uskayaw_dance_hall,
          small_statue_intersection, minivault_10, uniq_erica
D:9:      minmay_klotski, layout_basic, bloody_makhleb, lair_entry_dummy,
          orc_0_dummy
D:10:     layout_long_grid, dreamdust_divine_triumvirate,
          mainiacjoe_overflow_paths, tgw_xom, gammafunk_ghost_cemetery,
          minmay_misc_feat_more_columns
D:11:     layout_basic, serial_shops, nicolae_shop_advertising_works
          [nicolae_subvault_shop_adworks]
D:12:     minmay_open_boxes_in_corner, layout_cave_pools,
          lemuel_zombie_altar_kikubaaqudgha, uniq_jorgrun
D:13:     layout_stronghold, ebering_ghost_inner_flame
D:14:     layout_basic, erik_vaults_1, hangedman_abyss_or_decor_jellyfish_corner
D:15:     gammafunk_enter_depths_forms, layout_loops_corners,
          kennysheep_two_boxes
Lair:1:   dreamdust_labyrinth, layout_cave_pods, grunt_megastairs_5
Lair:2:   layout_roguey [special_room_bee], palyth_hydra_swamp_entry,
          minmay_snake_entry_guardpost_small
Lair:3:   layout_cave_pods, hellmonk_guarded_unrand_zhor
Lair:4:   cheibrodos_lair_overgrown_chateau, layout_loops_ring,
          gauntlet_entry_generic, st_stairs_11, cheibrodos_lair_lostbears,
          serial_bayou_shore_a, grunt_megastairs_1
Lair:5:   grunt_lair_end_beastmaster, layout_long_grid, slime_entry_1,
          uniq_josephine
Swamp:1:  layout_basic_swamp, nicolae_swamp_little_swirl, swamp_pool5,
          infiniplex_staircase_pool, uniq_mlioglotl
Swamp:2:  layout_falls_marsh, nicolae_swamp_round_clearing,
          lemuel_altar_in_water, roderic_carrion_pond
Swamp:3:  layout_basic_swamp, evilmike_swamp_ruin_house_3
Swamp:4:  swamp_basic_johnstein, layout_basic_swamp, serial_swamp_ruin,
          evilmike_swamp_ruin_house_2, evilmike_swamp_ruin_rubble_2,
          evilmike_swamp_ruin_wall
Snake:1:  layout_chambers, nicolae_snake_gridmaze_tees
Snake:2:  layout_rooms
Snake:3:  layout_rooms, corexii_hall_statues_t, uniq_saint_roka
Snake:4:  johnstein_snake_rune_scales, layout_cave_town,
          nicolae_snake_salamander_fort, lemuel_fruit_tree,
          serial_bayou_shore_b, grunt_megastairs_3, uniq_nikola, uniq_mara
Orc:1:    layout_diamond_mine, nicolae_orc_stony_grotto, bh_open_orc_temple
Orc:2:    grunt_orc_cross, layout_caves, elves_outpost_lemuel
Elf:1:    layout_geoelf_diagonals, hangedman_elven_crosses_minicolossus,
          uniq_donald
Elf:2:    nicolae_elf_blades_splatter_lattice [nooodl_blade_entry_preview],
          layout_geoelf_octagon, serial_shops, bzr_entry_customers
Vaults:1: portal_desolation_entry_garden, vaults_room_ringed_pool, v_misc_27,
          v_misc_15, vaults_mumra_hexcomb, nicolae_vaults_ring_of_whatevers,
          layout_vaults_omnigrid
Desolation

Skill      XL: |  1  2  3  4  5  6  7  8  9 10 11 12 13 14 15 16 17 18 19 |
---------------+----------------------------------------------------------+-----
Dodging        | 2 3 5 |  5.0
Poison Magic   | 5 6 7 8 9 10 | 10.0
Spellcasting   | 3 4 6 7 8 9 11 12 | 12.0
Air Magic      | 2 3 4 |  4.0
Fighting       | 2 6 8 9 10 11 12 | 12.0
Necromancy     | 3 6 7 9 10 12 13 15 16 | 16.0
Shields        | 6 8 9 10 11 12 13 | 13.0
Armour         | 3 4 7 8 9 10 11 | 11.7
Evocations     | 4 5 9 10 | 10.0
Ice Magic      | 6 8 9 |  9.0
Polearms       | 3 6 8 |  8.0
Fire Magic     | 2 8 |  8.0
Conjurations   | 1 4 |  4.0
Transmutations | 2 4 |  4.0
Stealth        | |  3.0

Action                     |  1- 3 |  4- 6 |  7- 9 | 10-12 | 13-15 | 16-18 | 19-21 || total
---------------------------+-------+-------+-------+-------+-------+-------+-------++-------
  Melee: Unarmed           |     2 |       |       |       |       |       |       ||     2
         Rapier            |     2 |       |       |       |       |       |       ||     2
         Short sword       |     6 |    15 |    94 |   203 |       |       |       ||   318
         Trident           |       |       |       |   147 |   669 |   897 |   331 ||  2044
         Constrict         |       |       |       |       |   119 |   116 |    44 ||   279
   Cast: Sting             |    37 |    23 |    54 |    53 |    18 |       |       ||   185
         Poisonous Vapours |     9 |    16 |    34 |    65 |    22 |    10 |    23 ||   179
         Mephitic Cloud    |       |     2 |    12 |    48 |    22 |     5 |    10 ||    99
         Olgreb's Toxic Ra |       |     1 |    18 |    67 |    60 |    26 |     8 ||   180
         Necrotise         |       |       |    11 |     5 |     1 |       |       ||    17
         Cigotuvi's Dreadf |       |       |     3 |     1 |     7 |       |       ||    11
         Dispel Undead     |       |       |       |    18 |    14 |    33 |       ||    65
         Death Channel     |       |       |       |       |    32 |    41 |     1 ||    74
         Simulacrum        |       |       |       |       |    21 |   166 |    12 ||   199
         Agony             |       |       |       |       |       |    16 |       ||    16
         Ignite Poison     |       |       |       |       |       |     2 |    16 ||    18
 Invoke: Unearth Wretches  |       |       |       |       |     1 |     6 |       ||     7
Ability: Spit Poison       |    22 |    22 |    45 |    83 |    61 |     7 |     1 ||   241
         Evoke Blink       |       |       |       |     8 |       |       |       ||     8
  Evoke: Wand              |       |       |    13 |    16 |       |     6 |       ||    35
         Condenser vane    |       |       |       |     1 |     2 |     2 |       ||     5
         Box of beasts     |       |       |       |       |       |     3 |     1 ||     4
         Phial of floods   |       |       |       |       |       |       |     1 ||     1
    Use: Scroll            |       |     7 |     5 |    16 |    10 |    11 |     6 ||    55
         Potion            |       |       |     3 |     3 |     2 |    14 |     2 ||    24
   Stab: Sleeping          |       |     1 |     3 |     2 |       |       |       ||     6
         Confused          |       |       |     2 |     7 |     3 |       |     2 ||    14
         Distracted        |       |       |       |       |     3 |     5 |     2 ||    10
         Petrified         |       |       |       |       |       |     1 |       ||     1
         Paralysed         |       |       |       |       |       |     7 |       ||     7
 Armour: Robe              |     7 |     4 |    37 |   106 |    92 |       |       ||   246
         Animal skin       |       |       |       |       |    58 |       |       ||    58
         Swamp dragon scal |       |       |       |       |   213 |   570 |       ||   783
         Plate armour      |       |       |       |       |       |    38 |   339 ||   377
  Dodge: Dodged            |    20 |     8 |    63 |   173 |   226 |   389 |    80 ||   959
  Block: Kite shield       |       |       |       |   268 |   438 |   545 |       ||  1251
         Tower shield      |       |       |       |       |       |   118 |   332 ||   450

Table legend: (Time is in decaauts)
 A = Elapsed time spent in this place.
 B = Non-inter-level travel time spent in this place.
 C = Inter-level travel time spent in this place.
 D = Time resting spent in this place.
 E = Time spent auto-exploring this place.
 F = Levels seen in this place.
 G = Mean time per level.
                   A        B        C        D        E       F      G
               +--------+--------+--------+--------+--------+-----+--------+
         Total |  64304 |  58894 |   5410 |   4558 |  45043 |  37 | 1737.9 |
       Dungeon |  28024 |  24935 |   3089 |    675 |  20871 |  15 | 1868.3 |
          Lair |  11397 |  10594 |    803 |    722 |   8398 |   5 | 2279.4 |
         Swamp |   6039 |   5648 |    391 |    269 |   4462 |   4 | 1509.8 |
     Snake Pit |   9810 |   9486 |    324 |   1708 |   6501 |   4 | 2452.5 |
  Orcish Mines |   4801 |   4162 |    639 |   1020 |   2442 |   2 | 2400.5 |
   Elven Halls |   2359 |   2197 |    162 |     70 |   1669 |   2 | 1179.5 |
        Vaults |    236 |    236 |      0 |      0 |      0 |   1 |  236.0 |
        Bazaar |    105 |    105 |      0 |      0 |     56 |   1 |  105.0 |
         Sewer |    738 |    738 |      0 |     51 |    483 |   1 |  738.0 |
    Desolation |    129 |    129 |      0 |     14 |      0 |   1 |  129.0 |
      Gauntlet |    661 |    661 |      0 |     28 |    157 |   1 |  661.0 |
               +--------+--------+--------+--------+--------+-----+--------+

Top non-repeatable levels by time:
  Lair:2: 3321 daAuts
    D:15: 3077 daAuts
 Snake:4: 2954 daAuts
 Snake:3: 2771 daAuts
   Orc:1: 2474 daAuts
    D:10: 2460 daAuts
  Lair:5: 2449 daAuts
     D:9: 2363 daAuts
   Orc:2: 2327 daAuts
    D:14: 2250 daAuts
  Lair:1: 2170 daAuts
 Swamp:4: 2143 daAuts
 Snake:2: 2061 daAuts
 Snake:1: 2023 daAuts
     D:8: 2010 daAuts
